Predators vs Bruins

Created - March 30 2011 at 18:52

Goals
1 2 3 T
Predators 1 0 0 1
Bruins 0 1 1 2
Shots
1 2 3 T
Predators 18 13 7 38
Bruins 9 7 5 21

Period #1

1. Predators , Jeff Carter 42 (Shea Weber, Scottie Upshall) at 15:20

Penalties :
Dan Hamhuis (BOS) for Roughing (Minor) at 8:46, Toni Lydman (BOS) for Roughing (Minor) at 10:38, Scottie Upshall (NSH) for Holding (Minor) at 11:55, Dustin Brown (BOS) for Holding (Minor) at 18:08

Period #2

2. Bruins , Milan Lucic 8 (Chris Kelly, Dan Hamhuis) at 2:04

Penalties :
Dennis Seidenberg (BOS) for Slashing (Minor) at 2:12, Milan Lucic (BOS) for Checking from behind (Major / Game Misconduct) at 6:23, Dan Hamhuis (BOS) for Cross-checking (Minor) at 18:23, Toni Lydman (BOS) for Cross-checking (Minor) at 19:59

Period #3

3. Bruins , Patrice Bergeron 20 (Rick Nash) at 2:41

Penalties :
Scottie Upshall (NSH) for Diving (Minor) at 4:46, Toni Lydman (BOS) for Holding (Minor) at 8:02, Milan Michalek (NSH) for Hooking (Minor) at 18:39, Rick Nash (BOS) for Interference (Minor) at 19:38, Shea Weber (NSH) for Roughing (Minor) at 19:38

Goalie Stats

Pekka Rinne (NSH), 19 saves from 21 shots - (0.905), L, 50-21-5, 60:00 minutes
Cam Ward (BOS), 37 saves from 38 shots - (0.974), W, 39-20-5, 60:00 minutes

Players Stats

Predators
Player Name              G  A  P  +/- PIM S  H  SB FO    MP 
------------------------------------------------------------
Braydon Coburn           0  0  0   0  0   0  3  1  0/0   17 
Brent Burns              0  0  0   0  0   0  0  1  0/0   21 
Colin Fraser             0  0  0  -1  0   1  0  0  6/13  10 
Daniel Carcillo          0  0  0  -1  0   1  3  0  0/1   7  
Derek Morris             0  0  0   0  0   0  0  0  0/0   12 
Jeff Carter              1  0  1   0  0   4  0  0  0/0   19 
Marian Gaborik           0  0  0   0  0   4  0  1  0/2   21 
Milan Michalek           0  0  0   0  2   3  1  0  1/1   19 
Nicklas Backstrom        0  0  0   0  0   1  3  0  8/25  20 
Patric Hornqvist         0  0  0   0  0   2  2  0  0/0   18 
Patrik Elias             0  0  0   0  0   4  0  0  8/17  12 
Scottie Upshall          0  1  1   0  4   5  1  0  0/0   16 
Shea Weber               0  1  1  -1  2   2  2  0  0/0   22 
Simon Gagne              0  0  0   0  0   1  1  1  0/0   14 
Steven Stamkos           0  0  0   0  0   6  1  0  14/27 21 
Tomas Kaberle            0  0  0  -1  0   3  0  0  0/0   23 
Wayne Simmonds           0  0  0  -1  0   1  0  0  1/1   7  
Zbynek Michalek          0  0  0   0  0   0  2  1  0/0   16 
Bruins
Player Name              G  A  P  +/- PIM S  H  SB FO    MP 
------------------------------------------------------------
Brad Marchand            0  0  0   1  0   0  1  0  0/0   13 
Chris Kelly              0  1  1   1  0   0  0  0  9/18  14 
Dan Hamhuis              0  1  1   1  4   0  3  1  0/0   21 
David Krejci             0  0  0   0  0   0  0  0  7/8   6  
Dennis Seidenberg        0  0  0   0  2   1  0  4  0/0   22 
Dustin Brown             0  0  0   0  2   5  2  0  1/3   17 
Gregory Campbell         0  0  0   0  0   0  0  1  1/2   9  
Henrik Zetterberg        0  0  0   0  0   4  1  0  8/18  15 
Jordan Leopold           0  0  0   1  0   2  1  1  0/0   19 
Mark Recchi              0  0  0   0  0   0  0  0  1/1   11 
Milan Lucic              1  0  1   1  15  3  3  0  0/0   6  
Nathan Horton            0  0  0   0  0   0  0  0  1/1   9  
Patrice Bergeron         1  0  1   0  0   2  1  1  12/22 20 
Rich Peverley            0  0  0   0  0   2  0  1  8/12  21 
Rick Nash                0  1  1   0  2   1  5  0  1/2   22 
Tom Gilbert              0  0  0   0  0   0  0  0  0/0   12 
Toni Lydman              0  0  0   0  6   1  3  0  0/0   19 
Zdeno Chara              0  0  0   0  0   0  4  1  0/0   24 

3 Stars

1 - Cam Ward (BOS)
2 - Patrice Bergeron (BOS)
3 - Jeff Carter (NSH)

Power Play

Predators - 0 on 8 Attempt(s) - 0.00%
Bruins - 0 on 3 Attempt(s) - 0.00%

Penalty Kill

Predators - 3 on 3 Attempt(s) - 100.00% - Score 0 goal in Penalty Kill
Bruins - 8 on 8 Attempt(s) - 100.00% - Score 0 goal in Penalty Kill

Game Notes

Milan Lucic ejected from game at 6:23 of 2nd period

Finance

Level 1 -- Attendance: 6500 (100.00%) -- Ticket Income $487,500.00
Level 2 -- Attendance: 5000 (100.00%) -- Ticket Income $250,000.00
Level 3 -- Attendance: 3378 (96.51%) -- Ticket Income $101,340.00
Level 4 -- Attendance: 1565 (100.00%) -- Ticket Income $31,300.00
Luxury Box -- Attendance: 1000 (100.00%) -- Ticket Income $150,000.00
Game was played at the TD Garden
Total Attendance: 17443 (99.31%)
Total Ticket Income: $1,073,795.00
Other Income: $205,461.00
Total Income: $1,279,256.00


Play by Play

Period #1

0:01 of 1st period - Nicklas Backstrom wins face-off versus Rick Nash in neutral zone.
0:04 of 1st period - Shot by Jeff Carter.
0:04 of 1st period - Stopped by Cam Ward without a rebound.
0:05 of 1st period - Steven Stamkos wins face-off versus Henrik Zetterberg in Bruins zone.
0:28 of 1st period - Steven Stamkos is hit by Toni Lydman and loses puck.
0:33 of 1st period - Shot by Steven Stamkos.
0:33 of 1st period - Shot Blocked by Dennis Seidenberg.
0:35 of 1st period - Shot by Steven Stamkos.
0:35 of 1st period - Stopped by Cam Ward with a rebound.
0:37 of 1st period - Shot by Tomas Kaberle.
0:37 of 1st period - Stopped by Cam Ward with a rebound.
0:41 of 1st period - Shot by Steven Stamkos.
0:41 of 1st period - Stopped by Cam Ward without a rebound.
0:42 of 1st period - David Krejci wins face-off versus Nicklas Backstrom in Bruins zone.
1:43 of 1st period - Derek Morris is hit by Milan Lucic and loses puck.
1:57 of 1st period - Icing by Patric Hornqvist.
1:58 of 1st period - Patrik Elias wins face-off versus Henrik Zetterberg in Predators zone.
2:00 of 1st period - Icing by Zbynek Michalek.
2:01 of 1st period - Henrik Zetterberg wins face-off versus Patrik Elias in Predators zone.
2:23 of 1st period - Shot by Rich Peverley.
2:23 of 1st period - Stopped by Pekka Rinne with a rebound.
2:25 of 1st period - Shot by Henrik Zetterberg.
2:25 of 1st period - Deflect By Rich Peverley.
2:25 of 1st period - Shot Blocked by Zbynek Michalek.
2:27 of 1st period - Shot by Rich Peverley.
2:27 of 1st period - Shot Misses the Net.
2:29 of 1st period - Shot by Toni Lydman.
2:29 of 1st period - Shot Misses the Net.
2:31 of 1st period - Shot by Dustin Brown.
2:31 of 1st period - Shot Misses the Net.
2:33 of 1st period - Shot by Dennis Seidenberg.
2:33 of 1st period - Stopped by Pekka Rinne without a rebound.
2:34 of 1st period - Steven Stamkos wins face-off versus Patrice Bergeron in Predators zone.
3:09 of 1st period - Shot by Marian Gaborik.
3:09 of 1st period - Stopped by Cam Ward with a rebound.
3:34 of 1st period - Shot by Milan Lucic.
3:34 of 1st period - Stopped by Pekka Rinne without a rebound.
3:35 of 1st period - Henrik Zetterberg wins face-off versus Nicklas Backstrom in Predators zone.
3:38 of 1st period - Shot by Dustin Brown.
3:38 of 1st period - Stopped by Pekka Rinne without a rebound.
3:39 of 1st period - Chris Kelly wins face-off versus Daniel Carcillo in Predators zone.
3:39 of 1st period - Dan Hamhuis is hit by Shea Weber and loses puck.
4:00 of 1st period - Shot by Brent Burns.
4:00 of 1st period - Shot Misses the Net.
4:04 of 1st period - Shot by Wayne Simmonds.
4:04 of 1st period - Deflect By Colin Fraser.
4:04 of 1st period - Stopped by Cam Ward with a rebound.
4:06 of 1st period - Shot by Colin Fraser.
4:06 of 1st period - Shot Blocked by Dan Hamhuis.
4:41 of 1st period - Icing by Toni Lydman.
4:42 of 1st period - Henrik Zetterberg wins face-off versus Nicklas Backstrom in Bruins zone.
4:47 of 1st period - Shot by Henrik Zetterberg.
4:47 of 1st period - Stopped by Pekka Rinne with a rebound.
5:09 of 1st period - Shot by Nicklas Backstrom.
5:09 of 1st period - Shot Misses the Net.
5:19 of 1st period - Dennis Seidenberg is hit by Nicklas Backstrom and loses puck.
5:28 of 1st period - Brent Burns is hit by Dustin Brown and loses puck.
6:09 of 1st period - Marian Gaborik is hit by Zdeno Chara and loses puck.
6:30 of 1st period - Jordan Leopold is hit by Simon Gagne and loses puck.
6:41 of 1st period - Shot by Patrik Elias.
6:41 of 1st period - Shot Misses the Net.
6:45 of 1st period - Shot by Patric Hornqvist.
6:45 of 1st period - Shot Misses the Net.
6:49 of 1st period - Shot by Patrik Elias.
6:49 of 1st period - Deflect By Patric Hornqvist.
6:49 of 1st period - Shot Misses the Net.
6:51 of 1st period - Shot by Milan Michalek.
6:51 of 1st period - Stopped by Cam Ward without a rebound.
6:52 of 1st period - David Krejci wins face-off versus Patrik Elias in Bruins zone.
7:05 of 1st period - Shot by Rick Nash.
7:05 of 1st period - Stopped by Pekka Rinne without a rebound.
7:06 of 1st period - Colin Fraser wins face-off versus Henrik Zetterberg in Predators zone.
7:19 of 1st period - Shot by Daniel Carcillo.
7:19 of 1st period - Stopped by Cam Ward without a rebound.
7:20 of 1st period - Nicklas Backstrom wins face-off versus Chris Kelly in Bruins zone.
7:20 of 1st period - Shea Weber is hit by Jordan Leopold.
7:23 of 1st period - Icing by Jordan Leopold.
7:24 of 1st period - Chris Kelly wins face-off versus Patrik Elias in Bruins zone.
7:44 of 1st period - Shot by Milan Lucic.
7:44 of 1st period - Shot Misses the Net.
7:46 of 1st period - Shot by Jordan Leopold.
7:46 of 1st period - Stopped by Pekka Rinne without a rebound.
7:47 of 1st period - Steven Stamkos wins face-off versus Henrik Zetterberg in Predators zone.
8:14 of 1st period - Shot by Steven Stamkos.
8:14 of 1st period - Shot Blocked by Dennis Seidenberg.
8:16 of 1st period - Shot by Steven Stamkos.
8:16 of 1st period - Shot Misses the Net.
8:18 of 1st period - Shot by Marian Gaborik.
8:18 of 1st period - Stopped by Cam Ward without a rebound.
8:19 of 1st period - Mark Recchi wins face-off versus Nicklas Backstrom in Bruins zone.
8:44 of 1st period - Shot by Jeff Carter.
8:44 of 1st period - Stopped by Cam Ward without a rebound.
8:45 of 1st period - Patrik Elias wins face-off versus Chris Kelly in Bruins zone.
8:45 of 1st period - Patric Hornqvist is hit by Dan Hamhuis.
8:46 of 1st period - Minor Penalty to Dan Hamhuis for Roughing.
8:47 of 1st period - Patrice Bergeron wins face-off versus Nicklas Backstrom in Bruins zone.
8:55 of 1st period - Off-side.
8:56 of 1st period - Steven Stamkos wins face-off versus Rich Peverley in neutral zone.
9:09 of 1st period - Shot by Jeff Carter.
9:09 of 1st period - Shot Blocked by Zdeno Chara.
9:11 of 1st period - Shot by Milan Michalek.
9:11 of 1st period - Shot Misses the Net.
9:13 of 1st period - Shot by Steven Stamkos.
9:13 of 1st period - Stopped by Cam Ward without a rebound.
9:14 of 1st period - Patrice Bergeron wins face-off versus Marian Gaborik in Bruins zone.
9:20 of 1st period - Icing by Nicklas Backstrom.
9:21 of 1st period - Patrice Bergeron wins face-off versus Nicklas Backstrom in Predators zone.
9:26 of 1st period - Shot by Patrice Bergeron.
9:26 of 1st period - Stopped by Pekka Rinne with a rebound.
10:13 of 1st period - Icing by Milan Michalek.
10:14 of 1st period - Rich Peverley wins face-off versus Steven Stamkos in Predators zone.
10:27 of 1st period - Shot by Steven Stamkos.
10:27 of 1st period - Stopped by Cam Ward with a rebound.
10:31 of 1st period - Shot by Scottie Upshall.
10:31 of 1st period - Stopped by Cam Ward without a rebound.
10:32 of 1st period - Steven Stamkos wins face-off versus Rich Peverley in Bruins zone.
10:38 of 1st period - Minor Penalty to Toni Lydman for Roughing.
10:39 of 1st period - Nicklas Backstrom wins face-off versus David Krejci in Bruins zone.
10:49 of 1st period - Nicklas Backstrom is hit by Rick Nash and loses puck.
11:00 of 1st period - Shot by Tomas Kaberle.
11:00 of 1st period - Stopped by Cam Ward with a rebound.
11:38 of 1st period - Shot by Steven Stamkos.
11:38 of 1st period - Shot Misses the Net.
11:55 of 1st period - Minor Penalty to Scottie Upshall for Holding.
11:56 of 1st period - Patrice Bergeron wins face-off versus Patrik Elias in Predators zone.
12:07 of 1st period - Shot by Jeff Carter.
12:07 of 1st period - Shot Misses the Net.
13:28 of 1st period - Nicklas Backstrom is hit by Rick Nash.
14:04 of 1st period - Shot by Milan Lucic.
14:04 of 1st period - Stopped by Pekka Rinne without a rebound.
14:05 of 1st period - Patrik Elias wins face-off versus Chris Kelly in Predators zone.
14:21 of 1st period - Shot by Patric Hornqvist.
14:21 of 1st period - Shot Blocked by Jordan Leopold.
14:23 of 1st period - Shot by Patrik Elias.
14:23 of 1st period - Shot Misses the Net.
14:51 of 1st period - Nicklas Backstrom is hit by Rick Nash and loses puck.
15:13 of 1st period - Scottie Upshall is hit by Zdeno Chara and loses puck.
15:20 of 1st period - Shot by Jeff Carter.
15:20 of 1st period - Goal by Jeff Carter - Predators : 1 - Bruins : 0.
15:21 of 1st period - Henrik Zetterberg wins face-off versus Steven Stamkos in neutral zone.
15:23 of 1st period - Dennis Seidenberg is hit by Braydon Coburn and loses puck.
15:38 of 1st period - Shot by Marian Gaborik.
15:38 of 1st period - Stopped by Cam Ward without a rebound.
15:39 of 1st period - Colin Fraser wins face-off versus Chris Kelly in Bruins zone.
15:51 of 1st period - Chris Kelly is hit by Daniel Carcillo and loses puck.
16:07 of 1st period - Icing by Jordan Leopold.
16:08 of 1st period - Steven Stamkos wins face-off versus Chris Kelly in Bruins zone.
16:20 of 1st period - Icing by Dan Hamhuis.
16:21 of 1st period - Chris Kelly wins face-off versus Patrik Elias in Bruins zone.
16:35 of 1st period - Icing by Zbynek Michalek.
16:36 of 1st period - Patrik Elias wins face-off versus Henrik Zetterberg in Predators zone.
16:45 of 1st period - Shot by Patric Hornqvist.
16:45 of 1st period - Stopped by Cam Ward without a rebound.
16:46 of 1st period - Patrice Bergeron wins face-off versus Steven Stamkos in Bruins zone.
18:08 of 1st period - Minor Penalty to Dustin Brown for Holding.
18:09 of 1st period - Nicklas Backstrom wins face-off versus Rich Peverley in Bruins zone.
18:34 of 1st period - Shot by Scottie Upshall.
18:34 of 1st period - Stopped by Cam Ward with a rebound.
18:36 of 1st period - Shot by Nicklas Backstrom.
18:36 of 1st period - Shot Blocked by Rich Peverley.
19:56 of 1st period - Shot by Steven Stamkos.
19:56 of 1st period - Shot Misses the Net.

Period #2

0:01 of 2nd period - Nicklas Backstrom wins face-off versus Patrice Bergeron in neutral zone.
0:09 of 2nd period - Patric Hornqvist is hit by Dan Hamhuis and loses puck.
0:28 of 2nd period - Shot by Milan Lucic.
0:28 of 2nd period - Shot Misses the Net.
0:36 of 2nd period - Shot by Jordan Leopold.
0:36 of 2nd period - Stopped by Pekka Rinne without a rebound.
0:37 of 2nd period - Steven Stamkos wins face-off versus Dustin Brown in Predators zone.
0:37 of 2nd period - Steven Stamkos is hit by Henrik Zetterberg.
0:48 of 2nd period - Marian Gaborik is hit by Toni Lydman and loses puck.
0:53 of 2nd period - Shot by Marian Gaborik.
0:53 of 2nd period - Shot Blocked by Dennis Seidenberg.
0:57 of 2nd period - Shot by Marian Gaborik.
0:57 of 2nd period - Shot Blocked by Dennis Seidenberg.
1:01 of 2nd period - Shot by Steven Stamkos.
1:01 of 2nd period - Stopped by Cam Ward with a rebound.
1:12 of 2nd period - Shot by Marian Gaborik.
1:12 of 2nd period - Deflect By Steven Stamkos.
1:12 of 2nd period - Stopped by Cam Ward without a rebound.
1:13 of 2nd period - Patrik Elias wins face-off versus Patrice Bergeron in Bruins zone.
1:14 of 2nd period - Shot by Patric Hornqvist.
1:14 of 2nd period - Deflect By Milan Michalek.
1:14 of 2nd period - Stopped by Cam Ward without a rebound.
1:15 of 2nd period - David Krejci wins face-off versus Patrik Elias in Bruins zone.
1:36 of 2nd period - Shot by Patrik Elias.
1:36 of 2nd period - Stopped by Cam Ward with a rebound.
1:40 of 2nd period - Shot by Patric Hornqvist.
1:40 of 2nd period - Stopped by Cam Ward without a rebound.
1:41 of 2nd period - Chris Kelly wins face-off versus Nicklas Backstrom in Bruins zone.
1:50 of 2nd period - Shea Weber is hit by Milan Lucic and loses puck.
2:04 of 2nd period - Shot by Chris Kelly.
2:04 of 2nd period - Deflect By Milan Lucic.
2:04 of 2nd period - Goal by Milan Lucic - Predators : 1 - Bruins : 1.
2:05 of 2nd period - Steven Stamkos wins face-off versus Henrik Zetterberg in neutral zone.
2:11 of 2nd period - Steven Stamkos is hit by Toni Lydman and loses puck.
2:12 of 2nd period - Minor Penalty to Dennis Seidenberg for Slashing.
2:13 of 2nd period - Gregory Campbell wins face-off versus Nicklas Backstrom in Bruins zone.
4:31 of 2nd period - Shot by Henrik Zetterberg.
4:31 of 2nd period - Stopped by Pekka Rinne without a rebound.
4:32 of 2nd period - David Krejci wins face-off versus Colin Fraser in Predators zone.
5:03 of 2nd period - David Krejci is hit by Daniel Carcillo and loses puck.
5:28 of 2nd period - Shot by Rich Peverley.
5:28 of 2nd period - Shot Misses the Net.
5:34 of 2nd period - Shot by Simon Gagne.
5:34 of 2nd period - Stopped by Cam Ward without a rebound.
5:35 of 2nd period - Chris Kelly wins face-off versus Patrik Elias in Bruins zone.
5:35 of 2nd period - Chris Kelly is hit by Milan Michalek.
5:42 of 2nd period - Off-side.
5:43 of 2nd period - Henrik Zetterberg wins face-off versus Nicklas Backstrom in neutral zone.
5:46 of 2nd period - Shot by Dustin Brown.
5:46 of 2nd period - Shot Blocked by Brent Burns.
5:50 of 2nd period - Shot by Henrik Zetterberg.
5:50 of 2nd period - Shot Misses the Net.
5:54 of 2nd period - Shot by Henrik Zetterberg.
5:54 of 2nd period - Stopped by Pekka Rinne without a rebound.
5:55 of 2nd period - Milan Michalek wins face-off versus Chris Kelly in Predators zone.
5:55 of 2nd period - Patrik Elias is hit by Milan Lucic and loses puck.
6:23 of 2nd period - Major / Game Misconduct Penalty to Milan Lucic for Checking from behind.
6:23 of 2nd period - Milan Lucic is ejected from game.
6:24 of 2nd period - Rich Peverley wins face-off versus Marian Gaborik in Bruins zone.
6:30 of 2nd period - Icing by Shea Weber.
6:31 of 2nd period - Nicklas Backstrom wins face-off versus Rich Peverley in Predators zone.
6:46 of 2nd period - Marian Gaborik is hit by Dan Hamhuis and loses puck.
7:14 of 2nd period - Icing by Steven Stamkos.
7:15 of 2nd period - Patrice Bergeron wins face-off versus Steven Stamkos in Predators zone.
7:36 of 2nd period - Shot by Jeff Carter.
7:36 of 2nd period - Shot Misses the Net.
7:38 of 2nd period - Shot by Steven Stamkos.
7:38 of 2nd period - Shot Blocked by Patrice Bergeron.
8:06 of 2nd period - Shot by Nicklas Backstrom.
8:06 of 2nd period - Stopped by Cam Ward without a rebound.
8:07 of 2nd period - Rich Peverley wins face-off versus Patrik Elias in Bruins zone.
8:25 of 2nd period - Shot by Shea Weber.
8:25 of 2nd period - Shot Misses the Net.
8:27 of 2nd period - Shot by Marian Gaborik.
8:27 of 2nd period - Deflect By Nicklas Backstrom.
8:27 of 2nd period - Shot Misses the Net.
8:29 of 2nd period - Shot by Shea Weber.
8:29 of 2nd period - Shot Blocked by Gregory Campbell.
8:31 of 2nd period - Shot by Nicklas Backstrom.
8:31 of 2nd period - Deflect By Marian Gaborik.
8:31 of 2nd period - Shot Misses the Net.
8:35 of 2nd period - Shot by Patrik Elias.
8:35 of 2nd period - Stopped by Cam Ward without a rebound.
8:36 of 2nd period - Rich Peverley wins face-off versus Steven Stamkos in Bruins zone.
9:37 of 2nd period - Shot by Patric Hornqvist.
9:37 of 2nd period - Deflect By Patrik Elias.
9:37 of 2nd period - Stopped by Cam Ward without a rebound.
9:38 of 2nd period - Steven Stamkos wins face-off versus Gregory Campbell in Bruins zone.
9:50 of 2nd period - Shot by Steven Stamkos.
9:50 of 2nd period - Shot Misses the Net.
9:54 of 2nd period - Shot by Scottie Upshall.
9:54 of 2nd period - Stopped by Cam Ward without a rebound.
9:55 of 2nd period - Patrice Bergeron wins face-off versus Nicklas Backstrom in Bruins zone.
10:19 of 2nd period - Zdeno Chara is hit by Nicklas Backstrom and loses puck.
11:29 of 2nd period - Shot by Wayne Simmonds.
11:29 of 2nd period - Stopped by Cam Ward without a rebound.
11:30 of 2nd period - Colin Fraser wins face-off versus Patrice Bergeron in Bruins zone.
12:34 of 2nd period - Shot by Dustin Brown.
12:34 of 2nd period - Stopped by Pekka Rinne without a rebound.
12:35 of 2nd period - Patrik Elias wins face-off versus Dustin Brown in Predators zone.
12:56 of 2nd period - Shot by Patrik Elias.
12:56 of 2nd period - Stopped by Cam Ward without a rebound.
12:57 of 2nd period - Steven Stamkos wins face-off versus Chris Kelly in Bruins zone.
13:58 of 2nd period - Shot by Patrice Bergeron.
13:58 of 2nd period - Shot Blocked by Marian Gaborik.
14:07 of 2nd period - Icing by Tomas Kaberle.
14:08 of 2nd period - Henrik Zetterberg wins face-off versus Steven Stamkos in Predators zone.
14:26 of 2nd period - Shot by Rich Peverley.
14:26 of 2nd period - Deflect By Henrik Zetterberg.
14:26 of 2nd period - Shot Blocked by Braydon Coburn.
14:30 of 2nd period - Shot by Rich Peverley.
14:30 of 2nd period - Shot Misses the Net.
14:32 of 2nd period - Shot by Toni Lydman.
14:32 of 2nd period - Stopped by Pekka Rinne with a rebound.
14:34 of 2nd period - Shot by Rich Peverley.
14:34 of 2nd period - Stopped by Pekka Rinne without a rebound.
14:35 of 2nd period - Chris Kelly wins face-off versus Nicklas Backstrom in Predators zone.
15:06 of 2nd period - Brent Burns is hit by Brad Marchand and loses puck.
15:24 of 2nd period - Icing by Dennis Seidenberg.
15:25 of 2nd period - Patrik Elias wins face-off versus Henrik Zetterberg in Bruins zone.
15:28 of 2nd period - Shot by Patric Hornqvist.
15:28 of 2nd period - Shot Misses the Net.
15:36 of 2nd period - Dennis Seidenberg is hit by Patric Hornqvist and loses puck.
16:18 of 2nd period - Icing by Zdeno Chara.
16:19 of 2nd period - Colin Fraser wins face-off versus Patrice Bergeron in Bruins zone.
16:23 of 2nd period - Wayne Simmonds is hit by Zdeno Chara and loses puck.
16:36 of 2nd period - Shot by Wayne Simmonds.
16:36 of 2nd period - Shot Misses the Net.
16:45 of 2nd period - Colin Fraser is hit by Zdeno Chara and loses puck.
17:00 of 2nd period - Shot by Scottie Upshall.
17:00 of 2nd period - Stopped by Cam Ward with a rebound.
17:02 of 2nd period - Shot by Colin Fraser.
17:02 of 2nd period - Shot Misses the Net.
17:06 of 2nd period - Shot by Jeff Carter.
17:06 of 2nd period - Shot Misses the Net.
18:23 of 2nd period - Minor Penalty to Dan Hamhuis for Cross-checking.
18:24 of 2nd period - Patrice Bergeron wins face-off versus Nicklas Backstrom in Bruins zone.
19:07 of 2nd period - Icing by Steven Stamkos.
19:08 of 2nd period - Rich Peverley wins face-off versus Steven Stamkos in Predators zone.
19:28 of 2nd period - Shot by Scottie Upshall.
19:28 of 2nd period - Shot Misses the Net.
19:59 of 2nd period - Minor Penalty to Toni Lydman for Cross-checking.

Period #3

0:01 of 3rd period - Chris Kelly wins face-off versus Nicklas Backstrom in neutral zone.
0:14 of 3rd period - Shot by Tomas Kaberle.
0:14 of 3rd period - Stopped by Cam Ward without a rebound.
0:15 of 3rd period - Chris Kelly wins face-off versus Steven Stamkos in Bruins zone.
0:54 of 3rd period - Shot by Scottie Upshall.
0:54 of 3rd period - Stopped by Cam Ward without a rebound.
0:55 of 3rd period - Nicklas Backstrom wins face-off versus Patrice Bergeron in Bruins zone.
1:26 of 3rd period - Shot by Nicklas Backstrom.
1:26 of 3rd period - Shot Misses the Net.
1:28 of 3rd period - Shot by Shea Weber.
1:28 of 3rd period - Stopped by Cam Ward without a rebound.
1:29 of 3rd period - Steven Stamkos wins face-off versus Patrice Bergeron in Bruins zone.
1:30 of 3rd period - Shot by Jeff Carter.
1:30 of 3rd period - Shot Misses the Net.
1:54 of 3rd period - Shot by Brent Burns.
1:54 of 3rd period - Shot Misses the Net.
2:35 of 3rd period - Icing by Tomas Kaberle.
2:36 of 3rd period - Patrice Bergeron wins face-off versus Colin Fraser in Predators zone.
2:39 of 3rd period - Shot by Rick Nash.
2:39 of 3rd period - Shot Misses the Net.
2:41 of 3rd period - Shot by Patrice Bergeron.
2:41 of 3rd period - Goal by Patrice Bergeron - Predators : 1 - Bruins : 2.
2:42 of 3rd period - Henrik Zetterberg wins face-off versus Patrik Elias in neutral zone.
3:05 of 3rd period - Henrik Zetterberg is hit by Patric Hornqvist and loses puck.
4:03 of 3rd period - Simon Gagne is hit by Rick Nash and loses puck.
4:38 of 3rd period - Scottie Upshall is hit by Patrice Bergeron and loses puck.
4:46 of 3rd period - Minor Penalty to Scottie Upshall for Diving.
4:47 of 3rd period - David Krejci wins face-off versus Colin Fraser in Predators zone.
5:03 of 3rd period - Rich Peverley is hit by Zbynek Michalek.
5:19 of 3rd period - Shot by David Krejci.
5:19 of 3rd period - Shot Misses the Net.
5:21 of 3rd period - Shot by David Krejci.
5:21 of 3rd period - Shot Blocked by Simon Gagne.
5:23 of 3rd period - Shot by Dan Hamhuis.
5:23 of 3rd period - Shot Misses the Net.
7:20 of 3rd period - Icing by Tomas Kaberle.
7:21 of 3rd period - Nicklas Backstrom wins face-off versus Henrik Zetterberg in Predators zone.
7:21 of 3rd period - Nicklas Backstrom is hit by Dustin Brown.
8:02 of 3rd period - Minor Penalty to Toni Lydman for Holding.
8:03 of 3rd period - Patrice Bergeron wins face-off versus Steven Stamkos in Bruins zone.
8:25 of 3rd period - Chris Kelly is hit by Steven Stamkos and loses puck.
8:32 of 3rd period - Shot by Marian Gaborik.
8:32 of 3rd period - Stopped by Cam Ward without a rebound.
8:33 of 3rd period - Steven Stamkos wins face-off versus Patrice Bergeron in Bruins zone.
8:38 of 3rd period - Shot by Milan Michalek.
8:38 of 3rd period - Stopped by Cam Ward without a rebound.
8:39 of 3rd period - Rich Peverley wins face-off versus Steven Stamkos in Bruins zone.
8:50 of 3rd period - Shot by Jeff Carter.
8:50 of 3rd period - Stopped by Cam Ward without a rebound.
8:51 of 3rd period - Rich Peverley wins face-off versus Nicklas Backstrom in Bruins zone.
8:51 of 3rd period - Rich Peverley is hit by Nicklas Backstrom.
9:11 of 3rd period - Off-side.
9:12 of 3rd period - Rich Peverley wins face-off versus Steven Stamkos in neutral zone.
10:20 of 3rd period - Icing by Shea Weber.
10:21 of 3rd period - Colin Fraser wins face-off versus Patrice Bergeron in Predators zone.
10:36 of 3rd period - Zdeno Chara is hit by Zbynek Michalek and loses puck.
10:57 of 3rd period - Mark Recchi is hit by Daniel Carcillo and loses puck.
11:01 of 3rd period - Icing by Rick Nash.
11:02 of 3rd period - Steven Stamkos wins face-off versus Patrice Bergeron in Bruins zone.
11:27 of 3rd period - Icing by Braydon Coburn.
11:28 of 3rd period - Chris Kelly wins face-off versus Steven Stamkos in Predators zone.
11:32 of 3rd period - Chris Kelly is hit by Braydon Coburn and loses puck.
12:02 of 3rd period - Chris Kelly is hit by Braydon Coburn and loses puck.
12:59 of 3rd period - Shot by Henrik Zetterberg.
12:59 of 3rd period - Stopped by Pekka Rinne without a rebound.
13:00 of 3rd period - Rick Nash wins face-off versus Nicklas Backstrom in Predators zone.
13:34 of 3rd period - Shot by Nicklas Backstrom.
13:34 of 3rd period - Deflect By Jeff Carter.
13:34 of 3rd period - Shot Misses the Net.
13:36 of 3rd period - Shot by Shea Weber.
13:36 of 3rd period - Stopped by Cam Ward with a rebound.
13:38 of 3rd period - Shot by Jeff Carter.
13:38 of 3rd period - Shot Misses the Net.
13:45 of 3rd period - Off-side.
13:46 of 3rd period - Henrik Zetterberg wins face-off versus Colin Fraser in neutral zone.
13:56 of 3rd period - Icing by Braydon Coburn.
13:57 of 3rd period - Wayne Simmonds wins face-off versus Henrik Zetterberg in Predators zone.
14:21 of 3rd period - Icing by Tomas Kaberle.
14:22 of 3rd period - Colin Fraser wins face-off versus Chris Kelly in Predators zone.
14:42 of 3rd period - Icing by Zbynek Michalek.
14:43 of 3rd period - Patrik Elias wins face-off versus Chris Kelly in Predators zone.
15:40 of 3rd period - Shot by Dustin Brown.
15:40 of 3rd period - Stopped by Pekka Rinne without a rebound.
15:41 of 3rd period - Dustin Brown wins face-off versus Nicklas Backstrom in Predators zone.
15:41 of 3rd period - Dustin Brown is hit by Shea Weber.
15:55 of 3rd period - Rich Peverley is hit by Scottie Upshall and loses puck.
16:50 of 3rd period - Shot by Mark Recchi.
16:50 of 3rd period - Shot Misses the Net.
17:04 of 3rd period - Tomas Kaberle is hit by Rick Nash and loses puck.
17:28 of 3rd period - Icing by Zdeno Chara.
17:29 of 3rd period - Patrice Bergeron wins face-off versus Steven Stamkos in Bruins zone.
18:30 of 3rd period - Icing by Simon Gagne.
18:31 of 3rd period - Steven Stamkos wins face-off versus Henrik Zetterberg in Predators zone.
18:39 of 3rd period - Minor Penalty to Milan Michalek for Hooking.
18:40 of 3rd period - David Krejci wins face-off versus Colin Fraser in Predators zone.
18:51 of 3rd period - Shot by Dustin Brown.
18:51 of 3rd period - Stopped by Pekka Rinne without a rebound.
18:52 of 3rd period - David Krejci wins face-off versus Colin Fraser in Predators zone.
19:17 of 3rd period - Shot by Dustin Brown.
19:17 of 3rd period - Stopped by Pekka Rinne without a rebound.
19:18 of 3rd period - Nathan Horton wins face-off versus Colin Fraser in Predators zone.
19:38 of 3rd period - Minor Penalty to Rick Nash for Interference.
19:38 of 3rd period - Minor Penalty to Shea Weber for Roughing.
19:39 of 3rd period - Patrice Bergeron wins face-off versus Nicklas Backstrom in Predators zone.


Output by the SimonT Hockey Simulator (STHS) for Stephane Roy -- Original Page W3C XHTML 1.0 Valid